 Dungeon Crawl Stone Soup version 0.31-a0-1467-g53b6572822 (webtiles) character file.

Game seed: 17732915414793802448

3821 Dirian the Grappler (level 9, -1/78 (80) HPs)
             Began as a Troll Shapeshifter on Dec 28, 2023.
             Was a Follower of Makhleb.
             Slain by a death yak (24 damage)
             ... on level 9 of the Dungeon.
             The game lasted 00:14:13 (5606 turns).

Dirian the Grappler (Troll Shapeshifter)            Turns: 5606, Time: 00:14:14

HP:   -1/78 (80)    AC:  7    Str: 34    XL:     9   Next: 97%
MP:   8/8           EV: 15    Int:  6    God:    Makhleb [*.....]
Gold: 283           SH:  0    Dex:  9    Spells: 8/8 levels left

rFire   . .          .
                       - Unarmed
rCold   . . .        (no shield)
rNeg    . . .        C - +0 steam dragon scales
rPois   .            a - melded +2 hat
rElec   .            A - melded +2 cloak
rCorr   .            (gloves unavailable)
SInv    .            (boots unavailable)
Will    .....        y - amulet of regeneration
Stlth   +            m - +6 ring of strength
HPRegen 1.93/turn    x - +5 ring of evasion
MPRegen 0.11/turn

%: no passive effects
@: about to teleport, beast-form, lightly drained
A: beast (slay +3), large, unfitting armour, claws 3, regeneration 1, shaggy fur
1, tough skin 1
a: Begin Untransformation, Renounce Religion


You were on level 9 of the Dungeon.
You worshipped Makhleb.
Makhleb was aware of your devotion.
You were a hulking beast.
You visited 1 branch of the dungeon, and saw 9 of its levels.
You also visited: Sewer.

You collected 443 gold pieces.
You spent 160 gold pieces at shops.

Inventory:

Missiles
 e - a throwing net
 w - 9 boomerangs
 E - 6 large rocks
Armour
 a - a +2 hat (melded)
 A - a +2 cloak (melded)
 C - +0 steam dragon scales (worn)
Jewellery
 l - an amulet of the acrobat
 m - a +6 ring of strength (left claw)
 n - a ring of resist corrosion
 v - a ring of fire
 x - a +5 ring of evasion (right claw)
 y - an amulet of regeneration (around neck)
Talismans
 c - a beast talisman (active)
 f - a flux talisman
Wands
 o - a wand of light (8)
 B - a wand of flame (22)
Scrolls
 j - 2 scrolls of immolation
 k - a scroll of fear
 r - 2 scrolls of identify
 t - a scroll of teleportation
 D - a scroll of poison
Potions
 b - a potion of lignification
 d - 2 potions of might
 g - 2 potions of cancellation
 h - 2 potions of attraction
 i - 2 potions of brilliance
 p - a potion of enlightenment
 q - 2 potions of curing
 s - a potion of ambrosia
 u - a potion of resistance {unknown}
 z - a potion of haste {unknown}


   Skills:
 + Level 2.5 Fighting
 + Level 5.0 Dodging
 + Level 11.6 Unarmed Combat
 + Level 6.2 Shapeshifting


You had 8 spell levels left.
You didn't know any spells.
Your spell library contained the following spells:

 Spells                   Type           Power      Damage    Failure   Level
 Apportation              Tloc           0%         N/A       45%         1
 Foxfire                  Conj/Fire      0%         2x1d4     45%         1
 Kiss of Death            Conj/Necr      0%         2d5       45%         1
 Necrotise                Necr           0%         1d4       45%         1
 Sting                    Conj/Alch      0%         1d3       45%         1
 Summon Small Mammal      Summ           0%         N/A       45%         1
 Mercury Vapours          Alch/Air       0%         N/A       58%         2
 Sublimation of Blood     Necr           0%         N/A       58%         2
 Confusing Touch          Hex            0%         N/A       83%         3
 Mephitic Cloud           Conj/Alch/Air  0%         N/A       83%         3
 Dispel Undead            Necr           0%         3d6       99%         4
 Passage of Golubria      Tloc           0%         N/A       99%         4
 Petrify                  Alch/Erth      0%         N/A       99%         4
 Summon Blazeheart Golem  Fire/Summ      0%         N/A       99%         4
 Freezing Cloud           Conj/Ice/Air   0%         6-21      100%        5
 Irradiate                Conj/Alch      0%         3d11      100%        5
 Silence                  Hex/Air        0%         N/A       100%        5
 Plasma Beam              Fire/Air       0%         2x1d10    100%        6
 Starburst                Conj/Fire      0%         6d3       100%        6
 Orb of Destruction       Conj           0%         9d5       100%        7
 Spellforged Servitor     Conj/Summ      0%         N/A       100%        7
 Lehudib's Crystal Spear  Conj/Erth      0%         10d2      100%        8


Dungeon Overview and Level Annotations

Branches:
Dungeon (9/15) Zot: 26988  Temple (0/1) D:6            Lair (0/5) D:9
  Sewer (visited)
    Orc: D:9-12

Altars:
Fedhas
Okawaru
Ru
Uskayaw
Yredelemnul
The Shining One

Shops:
D:3 [[   D:6 ?


Innate Abilities, Weirdness & Mutations

You are a hulking beast.
Your limbs bulge with bestial killing power. (Slay +3)
You are too large for most types of armour.
You have claws for hands.
Your natural rate of healing is unusually fast.
You are covered in fur. (AC +1)
You have tough skin. (AC +1)


Message History

You are too injured to fight recklessly!
You are too injured to fight recklessly!
You are too injured to fight recklessly!
You are too injured to fight recklessly!
You are too injured to fight recklessly!
You are too injured to fight recklessly!
You are too injured to fight recklessly!
You are too injured to fight recklessly!
You are too injured to fight recklessly!
The hell rat attacks as it pursues you! The hell rat bites you!
A yak comes into view.
The hell rat attacks as it pursues you! The hell rat closely misses you.
A yak comes into view.
The yak bellows!
The hell rat misses you.
You closely miss the yak.
The orc priest invokes the aid of Beogh against you.
Beogh smites you! The yak completely misses you.
You mangle the yak!!
The yak is almost dead.
The hell rat barely misses you.
The orc priest hits you with a +0 hand axe.
As you read the scroll of teleportation, it crumbles to dust.
You feel strangely unstable. The hell rat completely misses you.
The orc priest miscasts a cantrip.
The orc priest barely misses you.
A gnoll sergeant comes into view. It is wielding a +2 trident of venom.
The death yak barely misses you.
The gnoll sergeant shouts!
You mangle the yak!!
You kill the yak!
Makhleb accepts your kill.
The hell rat twitches its whiskers.
The hell rat bites you but does no damage.
The orc priest mumbles some strange prayers to Beogh against you.
Pain shoots through your body!
* * * LOW HITPOINT WARNING * * *
The orc priest casts a cantrip, but nothing happens.
The yak misses you. The death yak gores you!!
You die...

...............
...............#
................
.................
...............
#.........#...
#...Y.........
##..†Y.........
#....hr........
##..koYor.......
#.....ro........
#.....Y.YOr...##
.........o..####
..##....o(.....
.. #...o.........
............g..
.........#.#..#.


You could see 3 death yaks, a two-headed ogre, 2 yaks, a wyvern, a gnoll
sergeant, 2 hell rats, 3 orc priests, an orc wizard, a river rat, 2 orcs and a
rat.

Vanquished Creatures
  Amaemon (D:8)
  An orange demon (D:8)
  Sigmund (D:3)
  A wyvern (D:8)
  A yak (D:9)
  A steam dragon (D:7)
  2 water moccasins
  An ice beast (D:6)
  A black bear (D:5)
  An ogre (D:3)
  2 phantoms
  2 kobold brigands
  3 bullfrogs
  12 wights
  A howler monkey (D:6)
  2 bombardier beetles (D:4)
  2 quasits (Sewer)
  A jelly (D:7)
  2 orc priests (D:4)
  A sleepcap (D:5)
  5 hounds
  6 iguanas
  Jessica (D:3)
  A gnoll bouda (D:5)
  3 orc wizards
  4 gnolls (D:5)
  11 adders
  A river rat (D:6)
  5 shadow imps
  A white imp (D:6)
  5 worms
  2 dart slugs
  18 orcs
  7 endoplasms
  3 giant cockroaches
  6 goblins
  6 hobgoblins
  4 jackals (D:1)
  3 quokkas
  12 ball pythons
  5 bats
  A frilled lizard (D:3)
  22 kobolds
  5 rats
176 creatures vanquished.

Vanquished Creatures (others)
  An endoplasm (Sewer)
  A giant cockroach zombie (Sewer)
  A kobold zombie (Sewer)
3 creatures vanquished.

Grand Total: 179 creatures vanquished

Notes
Turn   | Place    | Note
-------+----------+-------------------------------------------
     0 | D:1      | Dirian the Troll Shapeshifter began the quest for the Orb.
     0 | D:1      | Reached XP level 1. HP: 18/18 MP: 0/0
    24 | D:1      | You fall into a shaft and drop 1 floor!
    95 | D:2      | Reached XP level 2. HP: 26/26 MP: 1/1
   494 | D:1      | Reached XP level 3. HP: 32/32 MP: 2/2
  1446 | D:3      | Noticed Jessica
  1449 | D:3      | Reached XP level 4. HP: 35/40 MP: 3/3
  1450 | D:3      | Killed Jessica
  1451 | D:3      | Reached skill level 4 in Unarmed Combat
  1497 | D:3      | Found Usupu's Armour Emporium.
  1497 | D:3      | Noticed an animated storm dragon scales
  1499 | D:3      | Noticed an animated gold dragon scales
  1501 | D:3      | Noticed Sigmund
  1515 | D:3      | Killed Sigmund
  1516 | D:3      | Reached skill level 5 in Unarmed Combat
  1516 | D:3      | Reached XP level 5. HP: 22/46 MP: 4/4
  1579 | D:3      | Reached XP level 6. HP: 54/54 MP: 5/5
  1831 | D:3      | Found Onwom's Armour Shoppe.
  2173 | D:4      | Reached skill level 6 in Unarmed Combat
  2175 | D:4      | Reached skill level 1 in Fighting
  2228 | D:4      | Reached XP level 7. HP: 52/62 MP: 6/6
  2591 | D:5      | Entered Level 5 of the Dungeon
  2709 | D:5      | Reached skill level 7 in Unarmed Combat
  2848 | D:5      | Reached skill level 5 in Shapeshifting
  3109 | D:3      | Bought a +2 hat for 160 gold pieces
  3190 | D:6      | Reached skill level 8 in Unarmed Combat
  3190 | D:6      | Reached XP level 8. HP: 70/70 MP: 7/7
  3257 | D:6      | Found Kiaghama's Magic Scroll Boutique.
  3403 | D:6      | Found a glowing drain.
  3411 | Sewer    | Entered a sewer
  3506 | Sewer    | Found a burning altar of Makhleb.
  3683 | Sewer    | Became a worshipper of Makhleb the Destroyer
  3924 | D:6      | Reached skill level 9 in Unarmed Combat
  3928 | D:6      | Found a staircase to the Ecumenical Temple.
  4434 | D:7      | Found a hide-covered altar of Uskayaw.
  4492 | D:7      | Found a sacrificial altar of Ru.
  4515 | D:7      | Reached XP level 9. HP: 79/79 MP: 8/8
  4522 | D:7      | Reached skill level 10 in Unarmed Combat
  4689 | D:7      | Found a faded altar of an unknown god.
  4689 | D:7      | Found an iron altar of Okawaru.
  4697 | D:7      | Found a basalt altar of Yredelemnul.
  4699 | D:7      | Found a glowing golden altar of the Shining One.
  4701 | D:7      | Found a blossoming altar of Fedhas.
  4755 | D:7      | Reached * piety under Makhleb
  5287 | D:8      | Noticed Amaemon
  5287 | D:8      | Noticed an orange demon
  5297 | D:8      | Killed Amaemon
  5298 | D:8      | Reached skill level 5 in Dodging
  5298 | D:8      | Reached skill level 11 in Unarmed Combat
  5302 | D:8      | Killed an orange demon
  5595 | D:9      | Noticed a death yak
  5597 | D:9      | Noticed a two-headed ogre
  5597 | D:9      | Noticed a death yak
  5599 | D:9      | Found a staircase to the Lair.
  5599 | D:9      | Noticed a death yak
  5606 | D:9      | Slain by a death yak

Illustrated notes

Levels and vault maps discovered:
D:1:      minmay_arrival_hallway, layout_basic
D:2:      layout_basic
D:3:      layout_loops_ring, serial_shops, nicolae_shop_mannequins,
          nicolae_shop_tiny_statue_garden, uniq_sigmund, uniq_jessica
D:4:      layout_cave_pools
D:5:      layout_rooms
D:6:      layout_basic, minmay_temple_entry_statues_fountains,
          lightli_sewer_entry_pipes, serial_shops, nicolae_shop_rolled_up,
          grunt_ministairs_7, grunt_decor_fettered
D:7:      layout_cave_pools, nicolae_overflow_hidden_temple,
          lemuel_crystal_altar, chequers_temple_overflow_minitemple,
          hangedman_abyss_or_decor_lesser_grid
D:8:      layout_basic, uniq_amaemon
D:9:      layout_cross, dpeg_lair_monsters, minmay_fractal_squares_gapless_5,
          uniq_erolcha

Skill      XL: |  1  2  3  4  5  6  7  8  9 |
---------------+----------------------------+-----
Unarmed Combat | 5 6 8 9 11 | 11.6
Shapeshifting  | 4 5 6 |  6.2
Dodging        | 2 3 4 5 |  5.0
Fighting       | 1 2 |  2.5

Action                     |  1- 3 |  4- 6 |  7- 9 || total
---------------------------+-------+-------+-------++-------
  Melee: Unarmed           |    82 |    56 |   242 ||   380
         Punch             |     1 |     2 |    14 ||    17
    Use: Scroll            |       |     8 |    10 ||    18
         Potion            |       |       |     1 ||     1
   Stab: Sleeping          |     1 |       |       ||     1
 Armour: Animal skin       |    44 |     2 |       ||    46
         Robe              |       |    22 |   129 ||   151
         Steam dragon scal |       |       |    21 ||    21
  Dodge: Dodged            |    38 |    24 |   127 ||   189
   Form: Beast             |     1 |       |     3 ||     4
                           |       |       |     3 ||     3

Table legend: (Time is in decaauts)
 A = Elapsed time spent in this place.
 B = Non-inter-level travel time spent in this place.
 C = Inter-level travel time spent in this place.
 D = Time resting spent in this place.
 E = Time spent auto-exploring this place.
 F = Levels seen in this place.
 G = Mean time per level.
                   A        B        C        D        E       F      G
               +--------+--------+--------+--------+--------+-----+--------+
         Total |   5554 |   5220 |    334 |    121 |   3913 |  10 |  555.4 |
       Dungeon |   5181 |   4847 |    334 |     21 |   3784 |   9 |  575.7 |
         Sewer |    373 |    373 |      0 |    100 |    129 |   1 |  373.0 |
               +--------+--------+--------+--------+--------+-----+--------+

Top non-repeatable levels by time:
     D:6: 851 daAuts
     D:2: 779 daAuts
     D:3: 764 daAuts
     D:8: 697 daAuts
     D:1: 588 daAuts
     D:4: 537 daAuts
     D:5: 496 daAuts
     D:7: 454 daAuts
   Sewer: 373 daAuts
     D:9: 11 daAuts
